 Dungeon Crawl Stone Soup version 0.32-a0-422-g28b100f618 (webtiles) character file.

Game seed: 4470695997505239791

4 shadowstone the Firebug (level 1, -2/14 HPs)
             Began as a Mountain Dwarf Fire Elementalist on Feb 21, 2024.
             Slain by a ball python (3 damage)
             ... on level 1 of the Dungeon.
             The game lasted 00:00:45 (161 turns).

shadowstone the Firebug (MDFE)                       Turns: 161, Time: 00:00:46

Health: -2/14      AC:  2    Str: 10    XL:     1   Next: 58%
Magic:  2/3        EV:  8    Int: 15    God:
Gold:   34         SH:  0    Dex: 10    Spells: 3/4 levels left

rFire   . . .        (no weapon)
rCold   . . .        (no shield)
rNeg    . . .        a - +0 robe
rPois   .            (no helmet)
rElec   .            (no cloak)
rCorr   .            (no gloves)
SInv    .            (no boots)
Will    .....        (no amulet)
Stlth   ++           (no ring)
HPRegen 0.22/turn    (no ring)
MPRegen 0.08/turn

%: no passive effects
@: constricted
A: runic magic, artefact enchanting
a: no special abilities


You were on level 1 of the Dungeon.
You visited 1 branch of the dungeon, and saw 1 of its levels.

You collected 34 gold pieces.

Inventory:

Armour
 a - a +0 robe (worn)
Potions
 b - a potion of magic


   Skills:
 + Level 1.3 Dodging
 + Level 1.4 Stealth
 + Level 2.0 Spellcasting
 + Level 0.8 Conjurations
 + Level 3.7 Fire Magic


You had 3 spell levels left.
You knew the following spells:

 Your Spells              Type           Power      Damage    Failure   Level
a - Foxfire               Conj/Fire      32%        2x1d5     9%          1

Your spell library contained the following spells:

 Spells                   Type           Power      Damage    Failure   Level
 Scorch                   Fire           24%        2d6       7%          2
 Inner Flame              Hex/Fire       7%         N/A       30%         3
 Volatile Blastmotes      Fire/Tloc      14%        2d11      30%         3
 Flame Wave               Conj/Fire      8%         2d5       63%         4


Dungeon Overview and Level Annotations

Branches:
Dungeon (1/15)

Altars:


Innate Abilities, Weirdness & Mutations

Your spellcasting is much less encumbered by armour.
You can use scrolls of enchantment on lesser artefacts.


Message History

The giant cockroach closely misses you.
You hit the giant cockroach but do no damage.
The giant cockroach is almost dead.
The ball python closely misses you. The ball python grabs you.
The ball python constricts you. The giant cockroach bites you.
The ball python bites you but does no damage.
The ball python constricts you.
You barely miss the giant cockroach.
The giant cockroach is almost dead.
The giant cockroach bites you but does no damage.
The ball python bites you. The ball python constricts you.
The giant cockroach barely misses you.
You hit the giant cockroach but do no damage.
The giant cockroach is almost dead.
The ball python bites you. The ball python constricts you.
The giant cockroach bites you.
You barely miss the giant cockroach.
The giant cockroach is almost dead.
The ball python bites you but does no damage.
The ball python constricts you.
The giant cockroach bites you but does no damage.
You hit the giant cockroach but do no damage.
The giant cockroach is almost dead.
The ball python bites you.
* * * LOW HITPOINT WARNING * * *
The ball python constricts you.
* * * LOW HITPOINT WARNING * * *
The giant cockroach bites you but does no damage.
You hit the giant cockroach.
You kill the giant cockroach!
The ball python bites you but does no damage.
The ball python constricts you. The ball python bites you.
* * * LOW HITPOINT WARNING * * *
The ball python constricts you.
Your Spellcasting skill increases to level 2!
You closely miss the ball python. The ball python barely misses you.
The ball python constricts you.
* * * LOW HITPOINT WARNING * * *
You closely miss the ball python. The ball python bites you.
You die...

.............
.......!...##.#...#...
...........##........#
#..........# #.......# #
[..####....# #.......# ###
...........###.......###..
.............#...........#
........#S...............#
.........@.....(.........#
........#................#
...######....#....†..#####
... #......+.......# # ..
#.#.#.##.......# #
#.#............# # #
#........#'#.# #
....##.#.#.#.# # ##.
#.#.#.#.#####


You could see a ball python.

Vanquished Creatures
  A giant cockroach (D:1)
  2 rats (D:1)
3 creatures vanquished.

Vanquished Creatures (others)
  3 foxfires (D:1)
3 creatures vanquished.

Grand Total: 6 creatures vanquished

Notes
Turn   | Place    | Note
-------+----------+-------------------------------------------
     0 | D:1      | shadowstone the Mountain Dwarf Fire Elementalist began the
                  | quest for the Orb.
     0 | D:1      | Reached XP level 1. HP: 14/14 MP: 3/3
   161 | D:1      | Slain by a ball python

Illustrated notes

Levels and vault maps discovered:
D:1:      dpeg_arrival_arbitrary_a, layout_basic,
          shapermc_ecumenical_altar_totnotflames

Skill      XL: |  1 |
---------------+----+-----
Spellcasting   | 2 |  2.0
Dodging        | |  1.3
Stealth        | |  1.4
Conjurations   | |  0.8
Fire Magic     | |  3.7

Action                     || total
---------------------------++-------
  Melee: Unarmed           ||    11
   Cast: Foxfire           ||     3
 Armour: Robe              ||    18
  Dodge: Dodged            ||    19

Table legend: (Time is in decaauts)
 A = Elapsed time spent in this place.
 B = Non-inter-level travel time spent in this place.
 C = Inter-level travel time spent in this place.
 D = Time resting spent in this place.
 E = Time spent auto-exploring this place.
 F = Levels seen in this place.
 G = Mean time per level.
                   A        B        C        D        E       F      G
               +--------+--------+--------+--------+--------+-----+--------+
         Total |    161 |    161 |      0 |      0 |     43 |   1 |  161.0 |
       Dungeon |    161 |    161 |      0 |      0 |     43 |   1 |  161.0 |
               +--------+--------+--------+--------+--------+-----+--------+

Top non-repeatable levels by time:
     D:1: 161 daAuts
